 Dungeon Crawl Stone Soup version 0.29-a0-973-gac7da5f7f0 (webtiles) character file.

Game seed: 10789370291406072663

114 greasedhog the Digger (level 4, -6/24 HPs)
             Began as a Gargoyle Earth Elementalist on July 31, 2022.
             Mangled by a worm (7 damage)
             ... on level 3 of the Dungeon.
             The game lasted 00:02:44 (2026 turns).

greasedhog the Digger (Gargoyle Earth Elementalist) Turns: 2026, Time: 00:02:45

Health: -6/24      AC:  6    Str: 12    XL:     4   Next: 97%
Magic:  5/8        EV: 11    Int: 17    God:
Gold:   140        SH:  0    Dex: 10    Spells: 5/9 levels left

rFire   . . .      SeeInvis .   e - staff of air
rCold   . . .      Faith    .   (no shield)
rNeg    + . .      Spirit   .   a - +0 robe
rPois   ∞          Reflect  .   (no helmet)
rElec   +          Harm     .   i - +0 cloak
rCorr   .          Rampage  .   (no gloves)
Will    .....                   (no boots)
Stlth   ++........              (no amulet)
HPRegen 0.08/turn               (no ring)
MPRegen 0.11/turn               (no ring)

@: mighty, slowed, very slow
A: sickness immunity, AC +3, negative energy resistance 1, electricity
resistance, torment resistance 1, petrification resistance
a: no special abilities


You were on level 3 of the Dungeon.
You visited 1 branch of the dungeon, and saw 3 of its levels.

You collected 140 gold pieces.

Inventory:

Armour
 a - a +0 robe (worn)
 i - a +0 cloak (worn)
Magical Staves
 e - a staff of air (weapon)
Scrolls
 d - a scroll of identify
 h - a scroll of silence
 l - a scroll of amnesia
Potions
 b - a potion of magic
 c - a potion of haste {unknown}
 f - a potion of lignification {unknown}
 g - a potion of might
 k - a potion of curing {unknown}


   Skills:
 - Level 1.5 Dodging
 * Level 3.7 Stealth
 * Level 3.1 Spellcasting
 - Level 0.7 Transmutations
 * Level 4.8 Earth Magic


You had 5 spell levels left.
You knew the following spells:

 Your Spells              Type           Power      Damage    Failure   Level
a - Sandblast             Erth           38%        2d10      2%          1
b - Stone Arrow           Conj/Erth      20%        3d8       19%         3

Your spell library contained the following spells:

 Spells                   Type           Power      Damage    Failure   Level
 Passwall                 Tmut/Erth      10%        N/A       9%          2
 Petrify                  Tmut/Erth      12%        N/A       50%         4
 Animate Armour           Summ/Erth      20%        N/A       54%         4
 Lehudib's Crystal Spear  Conj/Erth      5%         10d3      100%        8


Dungeon Overview and Level Annotations

Branches:
Dungeon (3/15)

Altars:


Innate Abilities, Weirdness & Mutations

You are immune to sickness and miasma.
Your stone body is resilient. (AC +3)
You are immune to poison.
You resist negative energy. (rN+)
You are resistant to electric shocks. (rElec)
You are resistant to unholy torment.
You are immune to petrification.


Message History

You climb downwards.
There is a stone staircase leading up here.
You open the door.
Natasha and a worm come into view.
Found a falchion.
Found a stone staircase leading down.
There are monsters nearby!
There are monsters nearby!
There is an open door here.
The blast of sand hits Natasha.
Natasha is moderately wounded.
Natasha hisses angrily.
The blast of sand hits Natasha!
Natasha is severely wounded.
Natasha stares at you and mumbles some strange words.
You feel yourself slow down.
Natasha stares at you and mumbles some strange words.
The magic dart hits you.
The blast of sand hits Natasha.
Natasha is almost dead.
Natasha claws you. Natasha barely misses you.
The worm bites you but does no damage. Natasha claws you.
You are too injured to fight recklessly!
You are too injured to fight recklessly!
Unknown command.
Casting: Sandblast (safe; 2% risk of failure)
Confirm with . or Enter, or press ? or * to list all spells.
Aiming: Sandblast (safe; 2% risk of failure)
Press: ? - help, Shift-Dir - straight line, f/p - Natasha
Aim: Natasha (almost dead, 77% to hit)
The blast of sand hits Natasha!
You kill Natasha!
Natasha yowls pathetically as she dies!
The worm completely misses you. The worm bites you!
* * * LOW HITPOINT WARNING * * *
Okay, then.
Okay, then.
It was a potion of might.
You feel very mighty all of a sudden. The worm bites you!
You die...

#. #.# ##+# #.##
##...# ##..##
#.....# ###....#
.......## ##......#
........####.......#
...)....'.........<#
......w@####.......#
....>.†## ##....###
#.....# ###.##
##...# #.# ##+# #.#
#.# #.# #.# #.#


You could see a worm.

Vanquished Creatures
  Natasha (D:3)
  3 adders (D:2)
  A worm (D:2)
  2 dart slugs (D:2)
  6 endoplasms
  4 giant cockroaches
  5 goblins
  6 hobgoblins
  4 jackals (D:1)
  3 quokkas (D:1)
  3 ball pythons
  2 bats
  3 frilled lizards
  5 kobolds
  3 rats
51 creatures vanquished.

Notes
Turn   | Place    | Note
-------+----------+-------------------------------------------
     0 | D:1      | greasedhog the Gargoyle Earth Elementalist began the quest
                  | for the Orb.
     0 | D:1      | Reached XP level 1. HP: 10/10 MP: 3/3
   167 | D:1      | Reached XP level 2. HP: 15/15 MP: 1/5
   282 | D:1      | Reached skill level 4 in Earth Magic
   723 | D:1      | Reached XP level 3. HP: 15/19 MP: 1/6
   728 | D:1      | Learned a level 3 spell: Stone Arrow
  1410 | D:2      | Reached XP level 4. HP: 17/24 MP: 1/8
  2019 | D:3      | Noticed Natasha
  2025 | D:3      | Killed Natasha
  2025 | D:3      | HP: 1/24 [worm (9)]
  2026 | D:3      | Mangled by a worm

Illustrated notes

Levels and vault maps discovered:
D:1:      eino_arrival_cavern_a, layout_basic
D:2:      layout_loops_ring, kennysheep_donut
D:3:      layout_loops_corners, ebering_ecumenical_altar_box, uniq_grinder,
          uniq_sigmund, uniq_crazy_yiuf_cottage, uniq_terence, uniq_natasha

Skill      XL: |  1  2  3  4 |
---------------+-------------+-----
Earth Magic    | 4 |  4.8
Stealth        | 3 |  3.7
Spellcasting   | 3 |  3.1
Dodging        | |  1.5
Transmutations | |  0.7

Action                   |  1- 3 |  4- 6 || total
-------------------------+-------+-------++-------
Melee: Unarmed           |    15 |       ||    15
       Staff             |     3 |     2 ||     5
 Cast: Sandblast         |    53 |    19 ||    72
  Use: Scroll            |     1 |     2 ||     3
       Potion            |       |     1 ||     1
Armor: Robe              |    29 |     3 ||    32
Dodge: Dodged            |    37 |     7 ||    44

Table legend: (Time is in decaauts)
 A = Elapsed time spent in this place.
 B = Non-inter-level travel time spent in this place.
 C = Inter-level travel time spent in this place.
 D = Time resting spent in this place.
 E = Time spent auto-exploring this place.
 F = Levels seen in this place.
 G = Mean time per level.
                   A        B        C        D        E       F      G
               +--------+--------+--------+--------+--------+-----+--------+
         Total |   2100 |   2010 |     90 |      0 |   1674 |   3 |  700.0 |
       Dungeon |   2100 |   2010 |     90 |      0 |   1674 |   3 |  700.0 |
               +--------+--------+--------+--------+--------+-----+--------+

Top non-repeatable levels by time:
     D:1: 1115 daAuts
     D:2: 960 daAuts
     D:3: 24 daAuts
